 Dungeon Crawl Stone Soup version 0.30-a0-940-ge5077277c9 (webtiles) character file.

Game seed: 4238739512072100901

45 Morbidden the Ducker (level 3, -1/27 HPs)
             Began as a Demonspawn Gladiator on Mar 26, 2023.
             Slain by a gnoll
             ... wielding a +0 heavy flail
              (6 damage)
             ... on level 2 of the Dungeon.
             The game lasted 00:01:04 (905 turns).

Morbidden the Ducker (Demonspawn Gladiator)          Turns: 905, Time: 00:01:05

Health: -1/27      AC:  4    Str: 14    XL:     3   Next: 42%
Magic:  4/4        EV: 12    Int: 11    God:
Gold:   81         SH:  0    Dex: 14    Spells: 3/3 levels left

rFire   . . .      SeeInvis .    a - +0 long sword
rCold   . . .      Faith    .    (no shield)
rNeg    . . .      Spirit   .    b - +0 leather armour
rPois   .          Reflect  .    c - +0 helmet
rElec   .          Rampage  .    (no cloak)
rCorr   .                        (no gloves)
Will    .....                    (no boots)
Stlth   +                        (no amulet)
HPRegen 0.24/turn                (no ring)
MPRegen 0.09/turn                (no ring)

@: no status effects
A: hooves 1, demonic touch 1
a: no special abilities


You were on level 2 of the Dungeon.
You visited 1 branch of the dungeon, and saw 2 of its levels.

You collected 81 gold pieces.

Inventory:

Hand Weapons
 a - a +0 long sword (weapon)
Missiles
 d - 3 throwing nets (quivered)
 e - a javelin
 h - 2 poisoned darts
Armour
 b - a +0 leather armour (worn)
 c - a +0 helmet (worn)
Scrolls
 f - 2 scrolls of identify {unknown}
 g - a scroll of enchant armour {unknown}
 l - 3 scrolls of teleportation {unknown}
Potions
 i - a potion of heal wounds {unknown}
 j - a potion of might {unknown}
 k - a potion of degeneration {unknown}
 m - a potion of curing {unknown}


   Skills:
 * Level 2.0 Fighting
 * Level 0.4(2.0) Short Blades
 * Level 3.2(3.3) Long Blades
 + Level 1.7 Throwing
 * Level 0.1 Armour
 * Level 3.2 Dodging
 * Level 0.8 Spellcasting


You had 3 spell levels left.
You didn't know any spells.
Your spell library contained the following spells:

 Spells                   Type           Power      Damage    Failure   Level
 Apportation              Tloc           0%         N/A       38%         1
 Blink                    Tloc           0%         N/A       54%         2
 Lesser Beckoning         Tloc           0%         N/A       54%         2
 Momentum Strike          Conj/Tloc      0%         3d8       54%         2
 Alistair's Intoxication  Tmut/Pois      0%         N/A       100%        5


Dungeon Overview and Level Annotations

Branches:
Dungeon (2/15)

Altars:


Innate Abilities, Weirdness & Mutations

You have large cloven feet.
Your touch may inflict minor irresistible damage on your foes.


Message History

m - a murky white potion 2 gnolls come into view.
There are monsters nearby!
A gnoll and an endoplasm come into view.
The gnoll is wielding a +0 heavy flail.
The gnoll shouts! x2
The gnoll closely misses you.
You slash the gnoll! Your touch misses the gnoll.
The gnoll is heavily wounded.
The gnoll closely misses you.
You slash the gnoll!
You kill the gnoll!
You have reached level 3!
Your experience leads to an increase in your attributes!
Increase (S)trength, (I)ntelligence, or (D)exterity?
You feel clever. x2; Your demonic ancestry asserts itself...
Your feet thicken and deform.
You slash the gnoll! Your kick misses the gnoll. Your touch misses the gnoll.
The gnoll is heavily wounded.
The gnoll hits you with a +0 whip.
You hit the gnoll but do no damage.
You touch the gnoll.
You kill the gnoll!
You barely miss the gnoll.
The gnoll hits you with a +0 heavy flail!
Ouch! That really hurt!
* * * LOW HITPOINT WARNING * * *
Unknown command.
You are too injured to fight recklessly!
You are too injured to fight recklessly!
Unknown command.
You are too injured to fight recklessly!
Unknown command.
You are too injured to fight recklessly!
You hit the gnoll. You kick the gnoll, but do no damage.
The gnoll is lightly wounded.
Unknown command.
You slash the gnoll!
The gnoll is severely wounded.
The gnoll hits you with a +0 heavy flail.
You die...

... ... .. .......# .#
.......##.# ##
..J....#..# .. #...#.#..
#.## #....#.####.. #...
#....#......###..#
##.#.@g..# #..#
#.?..#########.#######
#...##....#.......(...#.
#..# ##.................
#. ###..........>....
#...............
............†....
#............†....
...................


You could see a gnoll and an endoplasm.

Vanquished Creatures
  2 gnolls (D:2)
  3 ball pythons
  A bat (D:1)
  2 endoplasms (D:1)
  6 hobgoblins
  4 frilled lizards
  2 goblins (D:1)
  3 kobolds (D:1)
  4 rats (D:1)
27 creatures vanquished.

Notes
Turn   | Place    | Note
-------+----------+-------------------------------------------
     0 | D:1      | Morbidden the Demonspawn Gladiator began the quest for the
                  | Orb.
     0 | D:1      | Reached XP level 1. HP: 16/16 MP: 1/1
    83 | D:1      | Discovered your monstrous ancestry.
    83 | D:1      | Gained mutation: Your touch may inflict minor irresistible
                  | damage on your foes. [demonic ancestry]
    83 | D:1      | Reached XP level 2. HP: 13/22 MP: 2/2
   653 | D:1      | Found a faded altar of an unknown god.
   901 | D:2      | Gained mutation: You have large cloven feet. [demonic
                  | ancestry]
   901 | D:2      | Reached XP level 3. HP: 27/27 MP: 4/4
   905 | D:2      | Slain by a gnoll

Illustrated notes

Levels and vault maps discovered:
D:1:      dpeg_arrival_connections, layout_loops_cross,
          hellmonk_ecumenical_altar_pennies_from_heaven, minmay_pentomino_w4
D:2:      minmay_evil_eye, layout_rooms, serial_shops, shop, kennysheep_path_1

Skill      XL: |  1  2 |
---------------+-------+-----
Dodging        | 3 |  3.2
Long Blades    | 3 |  3.2
Fighting       | |  2.0
Short Blades   | |  0.4
Throwing       | |  1.7
Armour         | |  0.1
Spellcasting   | |  0.8

Action                     || total
---------------------------++-------
  Melee: Long sword        ||    62
         Touch             ||     7
         Kick              ||     1
   Stab: Sleeping          ||     2
 Armour: Leather armour    ||    19
  Dodge: Dodged            ||    50

Table legend: (Time is in decaauts)
 A = Elapsed time spent in this place.
 B = Non-inter-level travel time spent in this place.
 C = Inter-level travel time spent in this place.
 D = Time resting spent in this place.
 E = Time spent auto-exploring this place.
 F = Levels seen in this place.
 G = Mean time per level.
                   A        B        C        D        E       F      G
               +--------+--------+--------+--------+--------+-----+--------+
         Total |    921 |    883 |     38 |    122 |    610 |   2 |  460.5 |
       Dungeon |    921 |    883 |     38 |    122 |    610 |   2 |  460.5 |
               +--------+--------+--------+--------+--------+-----+--------+

Top non-repeatable levels by time:
     D:1: 870 daAuts
     D:2: 51 daAuts
